 Dungeon Crawl Stone Soup version 0.31-a0-175-g9f7f995f2b (webtiles) character file.

Game seed: 17798718278249712953

602 Geomchi the Caller (level 7, 0/40 HPs)
             Began as a Deep Elf Summoner on June 17, 2023.
             Was a Follower of Sif Muna.
             Succumbed to a scorpion's poison
             ... on level 5 of the Dungeon.
             The game lasted 00:07:30 (4379 turns).

Geomchi the Caller (Deep Elf Summoner)              Turns: 4379, Time: 00:07:31

Health: 0/40       AC:  5    Str: 11    XL:     7   Next: 18%
Magic:  26/27      EV: 13    Int: 22    God:    Sif Muna [*.....]
Gold:   229        SH:  0    Dex: 15    Spells: 9/18 levels left

rFire   . . .        e - +1 dagger (speed)
rCold   . . .        (no shield)
rNeg    + . .        a - +0 robe
rPois   .            (no helmet)
rElec   .            (no cloak)
rCorr   .            d - +0 pair of gloves
SInv    .            o - +1 pair of boots of New Discoveries {MP+9}
Will    .....        (no amulet)
Stlth   ++           w - ring of positive energy
HPRegen 0.26/turn    y - +6 ring of strength
MPRegen 0.20/turn

%: no passive effects
@: lethally poisoned (0 -> -11), weak-willed, enlightened, flying
A: no striking features
a: Renounce Religion, Channel Magic


You were on level 5 of the Dungeon.
You worshipped Sif Muna.
Sif Muna was aware of your devotion.
You visited 1 branch of the dungeon, and saw 5 of its levels.

You collected 229 gold pieces.

Inventory:

Hand Weapons
 e - a +1 dagger of speed (weapon)
Armour
 a - a +0 robe (worn)
 d - a +0 pair of gloves (worn)
 o - the +1 pair of boots of New Discoveries (worn) {MP+9}
   (You acquired it on level 3 of the Dungeon)

   MP:        It affects your magic capacity (+9).
Jewellery
 w - a ring of positive energy (left hand)
 y - a +6 ring of strength (right hand)
Wands
 h - a wand of digging (5)
 i - a wand of polymorph (2)
 z - a wand of flame (20)
Scrolls
 c - 2 scrolls of acquirement
 k - 2 scrolls of identify
 l - a scroll of fear {unknown}
 m - a scroll of immolation
 n - a scroll of noise {unknown}
 p - a scroll of silence {unknown}
 u - a scroll of vulnerability
 x - a scroll of amnesia
Potions
 b - 2 potions of magic
 g - 4 potions of degeneration
 j - a potion of enlightenment
 r - a potion of lignification {unknown}
 s - a potion of berserk rage {unknown}
 t - 2 potions of heal wounds {unknown}
 v - a potion of haste {unknown}
 A - a potion of brilliance {unknown}


   Skills:
 + Level 2.9 Fighting
 + Level 4.2 Dodging
 - Level 2.4 Stealth
 - Level 6.0 Spellcasting
 + Level 6.7 Summonings


You had 9 spell levels left.
You knew the following spells:

 Your Spells              Type           Power      Damage    Failure   Level
a - Summon Small Mammal   Summ           100%       N/A       1%          1
b - Summon Guardian Gole  Hex/Summ       21%        N/A       7%          3
c - Call Canine Familiar  Summ           36%        N/A       1%          3
m - Call Imp              Summ           72%        N/A       1%          2

Your spell library contained the following spells:

 Spells                   Type           Power      Damage    Failure   Level
 Freeze                   Ice            24%        1d4       9%          1
 Slow                     Hex            24%        N/A       9%          1
 Cigotuvi's Dreadful Rot  Necr/Pois/Air  12%        N/A       14%         2
 Ensorcelled Hibernation  Hex/Ice        12%        N/A       14%         2
 Lesser Beckoning         Tloc           12%        N/A       14%         2
 Summon Lightning Spire   Summ/Air       21%        N/A       22%         4
 Confusing Touch          Hex            6%         N/A       26%         3
 Frozen Ramparts          Ice            12%        1d2       26%         3
 Gell's Gravitas          Tloc           6%         N/A       26%         3
 Hailstorm                Conj/Ice       6%         3d4       26%         3
 Ignite Poison            Fire/Tmut/Pois 6%         N/A       26%         3
 Spider Form              Tmut/Pois      6%         N/A       26%         3
 Teleport Other           Tloc           6%         N/A       26%         3
 Vampiric Draining        Necr           6%         2d6       26%         3
 Anguish                  Hex/Necr       3%         N/A       65%         4
 Freezing Cloud           Conj/Ice/Air   3%         6-21      94%         5


Dungeon Overview and Level Annotations

Branches:
Dungeon (5/15)             Temple (0/1) D:4

Altars:
Dithmenos
Gozag
Ru
Sif Muna
Wu Jian
Yredelemnul

Shops:
D:5 [

Portals:
Sewer: D:5

Annotations:
D:5 Eustachio


Message History

A quokka comes into view.
A shadow imp comes into view.
You hear a shout!
As you read the scroll labelled UBU YZUEKHLOGA, it crumbles to dust.
It is a scroll of identify.
g - 4 potions of degeneration
As you read the scroll labelled JITYOMN AMUNN, it crumbles to dust.
The creatures around you are filled with an inner flame!
It was a scroll of immolation.
The adder bites you but does no damage.
As you read the scroll labelled MIZXIM OMAVYWA, it crumbles to dust.
Magic quickly surges around you.
It was a scroll of vulnerability.
The adder misses you. The adder barely misses you.
Okay, then.
It was a potion of enlightenment.
You feel very buoyant.
You fly up into the air.
The scorpion stings you.
* * * LOW HITPOINT WARNING * * *
The adder barely misses you.
You take 2 damage, and have 5/40 hp.
It was a potion of curing.
You feel better. The quokka closely misses you. The scorpion misses you.
The adder bites you.
* * * LOW HITPOINT WARNING * * *
The quokka barely misses you.
You regained 7 hp, and now have 12/40 hp.
The scorpion stings you but does no damage.
You hear the rapid rusting of a very distant drain.
The adder closely misses you.
A scorpion and a quokka come into view.
The quokka attacks as you move away!
The quokka bites you but does no damage.
The adder bites you.
* * * LOW HITPOINT WARNING * * *
You are poisoned.
The adder poisons you!
You take 3 damage, and have 10/40 hp.
The adder attacks as you move away! The adder bites you but does no damage.
The scorpion attacks as you move away! The scorpion stings you!
* * * LOW HITPOINT WARNING * * *
You are more poisoned.
The scorpion poisons you!
You die...

..... .......#
.♣.#go........##
....## #....#.♣.
#.#..####..# ###
#......o #.... ... #
#...##.###..##. .. #.
#...#.......##. #
####..#...#..........
.$..............###..
..........S5........
..........r.@.......
..#.......s...#.####
. #...#..##...#
...!...........
..........#...###
..#...#...#...#
...#.. #...# r. #..
#..s#


You could see 2 scorpions, an adder (inner flame, weak-willed), a shadow imp
(inner flame, weak-willed), an orc and a quokka (inner flame, weak-willed).

Vanquished Creatures
  A phantom (D:5)
  A hound (D:5)
  Ijyb (D:3)
  2 adders
  A dart slug (D:1)
  An orc (D:3)
  3 bats
  A giant cockroach (D:5)
  A goblin (D:4)
  3 hobgoblins
  A jackal (D:4)
  A quokka (D:1)
  2 ball pythons
  A frilled lizard (D:3)
  3 rats
23 creatures vanquished.

Vanquished Creatures (collateral kills)
  A black bear (D:5)
  A scorpion (D:5)
  2 jellies (D:4)
  Jessica (D:2)
  Terence (D:2)
  An iguana (D:4)
  4 gnolls (D:5)
  4 adders
  A river rat (D:5)
  2 worms
  2 dart slugs (D:1)
  3 orcs (D:3)
  3 endoplasms
  4 giant cockroaches
  4 goblins
  5 hobgoblins
  A jackal (D:4)
  2 kobolds
  7 quokkas
  5 ball pythons
  2 bats
  A frilled lizard (D:3)
  3 rats
60 creatures vanquished.

Grand Total: 83 creatures vanquished

Notes
Turn   | Place    | Note
-------+----------+-------------------------------------------
     0 | D:1      | Geomchi the Deep Elf Summoner began the quest for the Orb.
     0 | D:1      | Reached XP level 1. HP: 10/10 MP: 6/6
   203 | D:1      | Reached XP level 2. HP: 15/15 MP: 4/8
   524 | D:1      | Learned a level 2 spell: Call Imp
   808 | D:1      | Reached skill level 5 in Summonings
   808 | D:1      | Reached XP level 3. HP: 19/19 MP: 8/10
   812 | D:1      | Learned a level 3 spell: Call Canine Familiar
  1200 | D:1      | You fall into a shaft and drop 1 floor!
  1230 | D:2      | Noticed Terence
  1267 | D:2      | Killed Terence
  1369 | D:2      | Noticed Jessica
  1379 | D:2      | Killed Jessica
  1380 | D:2      | Reached XP level 4. HP: 24/24 MP: 10/12
  1775 | D:2      | Reached skill level 5 in Spellcasting
  2009 | D:3      | Reached skill level 1 in Fighting
  2066 | D:3      | Found a basalt altar of Yredelemnul.
  2076 | D:3      | Found a sacrificial altar of Ru.
  2145 | D:3      | Found a shimmering blue altar of Sif Muna.
  2195 | D:3      | Became a worshipper of Sif Muna the Loreminder
  2249 | D:3      | Identified 3 scrolls of acquirement
  2249 | D:3      | Acquired the +1 pair of boots of New Discoveries {MP+9}
  2405 | D:3      | Noticed Ijyb
  2432 | D:3      | Killed Ijyb
  2433 | D:3      | Reached XP level 5. HP: 25/29 MP: 14/14
  2437 | D:3      | Learned a level 3 spell: Summon Guardian Golem
  2498 | D:3      | Found a shadowy altar of Dithmenos.
  2847 | D:3      | Found a faded altar of an unknown god.
  3219 | D:4      | Found an opulent altar of Gozag.
  3222 | D:4      | Found an ornate altar of the Wu Jian Council.
  3556 | D:4      | Reached XP level 6. HP: 35/35 MP: 16/16
  3667 | D:4      | Found a staircase to the Ecumenical Temple.
  3746 | D:5      | Entered Level 5 of the Dungeon
  3946 | D:5      | Reached XP level 7. HP: 35/40 MP: 18/18
  4125 | D:5      | Found a glowing drain.
  4138 | D:5      | Reached * piety under Sif Muna
  4296 | D:5      | Found Sevennun's Armour Shoppe.
  4324 | D:5      | Noticed Eustachio
  4379 | D:5      | Succumbed to a scorpion's poison

Illustrated notes

Levels and vault maps discovered:
D:1:      onia_arrival_mini_maze_b, layout_loops_corners
D:2:      layout_rooms, serial_bayou_lagoon_a, supply_closet_lemuel,
          uniq_jessica, uniq_terence
D:3:      layout_rooms, nicolae_dithmenos_shadow_blocks,
          mainiacjoe_overflow_catwalk_spiral,
          mainiacjoe_overflow_surrounded_room, ebering_ecumenical_altar_box,
          serial_corexii_hall, corexii_hall_statues_i, corexii_hall_statues_x,
          kennysheep_path_1, uniq_ijyb
D:4:      layout_rooms, nicolae_overflow_squiral,
          minmay_temple_entry_drinking_statues, hangedman_decor_riveting,
          minivault_5
D:5:      layout_basic, serial_shops, nicolae_shop_crystal, nicolae_shop_trees,
          gup_sewer_entry_spiral, minmay_bent, uniq_eustachio

Skill      XL: |  1  2  3  4  5  6 |
---------------+-------------------+-----
Spellcasting   | 4 5 6 |  6.0
Summonings     | 5 6 |  6.7
Fighting       | 1 2 |  2.9
Dodging        | 4 |  4.2
Stealth        | |  2.4

Action                     |  1- 3 |  4- 6 |  7- 9 || total
---------------------------+-------+-------+-------++-------
  Melee: Dagger            |    14 |    59 |    16 ||    89
         Unarmed           |     1 |       |       ||     1
         Punch             |       |     2 |       ||     2
   Cast: Summon Small Mamm |    27 |    38 |     6 ||    71
         Call Imp          |     4 |    23 |     9 ||    36
         Call Canine Famil |     3 |     8 |     5 ||    16
    Use: Scroll            |       |     3 |     5 ||     8
         Potion            |       |       |     2 ||     2
   Stab: Sleeping          |     2 |       |     1 ||     3
         Distracted        |       |     2 |       ||     2
 Armour: Robe              |     4 |    17 |    22 ||    43
  Dodge: Dodged            |     9 |    46 |    38 ||    93

Table legend: (Time is in decaauts)
 A = Elapsed time spent in this place.
 B = Non-inter-level travel time spent in this place.
 C = Inter-level travel time spent in this place.
 D = Time resting spent in this place.
 E = Time spent auto-exploring this place.
 F = Levels seen in this place.
 G = Mean time per level.
                   A        B        C        D        E       F      G
               +--------+--------+--------+--------+--------+-----+--------+
         Total |   4393 |   4308 |     85 |      6 |   3298 |   5 |  878.6 |
       Dungeon |   4393 |   4308 |     85 |      6 |   3298 |   5 |  878.6 |
               +--------+--------+--------+--------+--------+-----+--------+

Top non-repeatable levels by time:
     D:1: 1196 daAuts
     D:3: 998 daAuts
     D:4: 776 daAuts
     D:2: 761 daAuts
     D:5: 662 daAuts
